AoeStats
← ecerva.27

Black Forest

508916526Analyzed
4v4 RM · 8d ago on Sep 24, 2026· 42m 39s· 8 players
Game mode
Random Map
Map size
Large (8 player)
Population
200
Speed
Normal
Resources
Standard
Victory
Conquest
Starting age
Dark Age
Ending age
Imperial Age
RankedLock teamsTeams togetherTeam positionsShared explorationLock speedFull tech treeHidden civsTurbo modeCheats
Victory
Defeat
🇸🇪 Dravidians · Sweden
1267
+15
🇩🇪 Japanese · Germany
1229
+16
🇩🇪 Danes · Germany
1228
+16
🇨🇿 Celts · Czechia
1195
+18
🇨🇳 Bohemians · China
1262
-17
🇨🇳 Jurchens · China
1224
-16
🇨🇳 Saracens · China
1222
-16
🇲🇽 Persians · Mexico
1221
-16
Gast
10:04 Feudal Age
14:08 Castle Age
12:22 Double-Bit Axe
12:18 Horse Collar
15:00 Heavy Plow
15:11 Bow Saw
31:37 Gold Mining
32:48 Wheelbarrow
31:59 Loom
34:20 Gambesons
34:35 Squires
34:22 Arson
37:40 Imperial Age
37:47 Capped Ram
38:02 Elite Varangian Guard
39:38 Forging
39:28 Scale Mail Armor
39:20 Fletching
39:05 Siege Ram
42:21 Northmen's Fury
Playride
10:26 Feudal Age
14:08 Castle Age
12:00 Double-Bit Axe
12:29 Horse Collar
14:47 Loom
16:13 Bow Saw
16:25 Heavy Plow
20:18 Gold Mining
21:05 Stone Mining
22:21 Wheelbarrow
24:47 Fletching
25:14 Caravan
29:16 Imperial Age
27:30 Hand Cart
27:02 Town Watch
28:42 Thumb Ring
28:34 Bodkin Arrow
28:40 Padded Archer Armor
29:03 Ballistics
29:35 Town Patrol
29:30 Elite Elephant Archer
31:25 Chemistry
31:09 Bracer
31:25 Leather Archer Armor
31:14 Husbandry
32:03 Guilds
33:00 Two-Man Saw
34:09 Conscription
33:57 Medical Corps
34:36 Devotion
35:31 Coinage
37:33 Banking
38:14 Hoardings
38:23 Ring Archer Armor
Prekvapko, tu Hanz
0:27 Loom
12:10 Feudal Age
17:58 Castle Age
17:46 Double-Bit Axe
24:50 Scale Mail Armor
28:00 Forging
29:46 Bow Saw
30:44 Horse Collar
32:29 Wheelbarrow
31:41 Town Watch
37:14 Imperial Age
34:46 Stone Mining
35:26 Gold Mining
36:18 Arson
36:32 Pikeman
37:59 Gold Shaft Mining
38:23 Elite Skirmisher
40:05 Stone Shaft Mining
39:36 Fletching
39:46 Padded Archer Armor
40:28 Bodkin Arrow
41:35 Heavy Plow
41:43 Halberdier
42:52 Conscription
42:18 Capped Ram
43:22 Chain Mail Armor
43:26 Hand Cart
felixcool98
0:33 Loom
11:42 Feudal Age
12:08 Man-at-Arms
14:11 Double-Bit Axe
15:16 Horse Collar
18:38 Scale Mail Armor
20:23 Forging
23:16 Arson
26:52 Castle Age
27:00 Pikeman
28:00 Chain Mail Armor
28:20 Bow Saw
28:16 Heavy Plow
28:58 Squires
29:36 Iron Casting
41:17 Wheelbarrow
45:36 Imperial Age
43:22 Hand Cart
ecerva.27
10:07 Feudal Age
14:07 Castle Age
13:04 Double-Bit Axe
14:20 Loom
16:51 Bow Saw
30:26 Crossbowman
31:24 Fishing Lines
31:28 Horse Collar
31:59 Kamandaran
31:56 Fletching
32:17 Forging
32:07 Scale Mail Armor
32:23 Forging
38:25 Imperial Age
36:34 Wheelbarrow
37:16 Guard Tower
38:45 Bodkin Arrow
39:26 Iron Casting
38:51 Padded Archer Armor
40:01 Chemistry
39:28 Ballistics
39:05 Cavalier
39:56 Bloodlines
39:47 Husbandry
39:51 Cavalier
727049154
0:48 Loom
10:59 Feudal Age
16:39 Castle Age
15:13 Double-Bit Axe
16:35 Fishing Lines
wuyu
1:12 Loom
11:40 Feudal Age
17:56 Castle Age
16:39 Double-Bit Axe
17:46 Horse Collar
22:58 Wheelbarrow
24:49 Fishing Lines
26:14 Gillnets
28:57 Heavy Plow
32:10 Imperial Age
29:37 Stone Mining
30:12 Scale Barding Armor
30:54 Hand Cart
31:36 Chain Barding Armor
31:27 Forging
31:47 Gold Mining
33:26 Conscription
33:16 Bimaristan
33:44 Plate Barding Armor
33:45 Iron Casting
33:51 Gold Shaft Mining
34:36 Bloodlines
34:26 Husbandry
35:27 Bow Saw
34:42 Onager
35:40 Town Watch
36:57 Blast Furnace
36:47 Town Patrol
38:08 Counterweights
37:20 Elite Mameluke
41:39 Fletching
42:26 Light Cavalry
Hakka
9:52 Feudal Age
10:05 Man-at-Arms
11:09 Arson
16:02 Wheelbarrow
15:14 Loom
15:39 Double-Bit Axe
19:39 Fishing Lines
20:59 Gold Mining
26:44 Castle Age
24:48 Horse Collar
26:28 Padded Archer Armor
29:54 Caravan
35:09 Imperial Age
33:02 Gillnets
33:25 Heavy Plow
34:51 Fortified Wall
35:23 Leather Archer Armor
36:51 Chemistry
36:40 Ring Archer Armor
37:10 Fortified Bastions
38:24 Siege Engineers
41:37 Fletching
43:04 Conscription
Connection lost

Rejoining the realm…

Still unreachable

The connection could not be restored.

Session expired

The server has moved on; the page needs a fresh start.